 Dungeon Crawl Stone Soup version 0.21.1-1-g345015fe64 (webtiles) character file.

156 DildoBatman the Sneak (level 5, -1/42 HPs)
             Began as a Formicid Enchanter on Feb 10, 2018.
             Killed by divine providence
             ... invoked by an orc priest
              (10 damage)
             ... on level 3 of the Dungeon.
             The game lasted 00:09:58 (3757 turns).

DildoBatman the Sneak (Formicid Enchanter)          Turns: 3757, Time: 00:09:58

Health: -1/42      AC:  5    Str: 14    XL:     5   Next: 65%
Magic:  14/17      EV: 11    Int: 14    God:
Gold:   111        SH:  0    Dex: 11    Spells: 4/8 levels left

rFire    . . .     SeeInvis +   b - +0 short sword
rCold    . . .     Gourm    .   (no shield)
rNeg     . . .     Faith    .   l - +0 ring mail
rPois    .         Spirit   .   (helmet unavailable)
rElec    .         Reflect  .   (no cloak)
rCorr    .         Harm     .   (no gloves)
MR       .....                  (no boots)
Stlth    ++........             (no amulet)
HPRegen  0.14/turn              j - ring of magical power
MPRegen  0.15/turn              (no ring)

@: no status effects
A: permanent stasis, dig shafts and tunnels, four strong arms, antennae 3
a: Dig, Shaft Self


You were on level 3 of the Dungeon.
You were hungry.

You visited 1 branch of the dungeon, and saw 3 of its levels.

You collected 111 gold pieces.

Inventory:

Hand Weapons
 a - a +1 dagger
 b - a +0 short sword (weapon)
Armour
 l - a +0 ring mail (worn)
 r - a +2 buckler
Jewellery
 h - an uncursed ring of protection from magic {unknown}
 j - a ring of magical power (left hand)
 q - an uncursed ring of wizardry {unknown}
 u - an uncursed amulet of rage {unknown}
Scrolls
 e - a scroll of teleportation {unknown}
 f - 2 scrolls of fog {unknown}
 g - 2 scrolls of remove curse {unknown}
 m - a scroll of enchant weapon {unknown}
 p - a scroll of identify {unknown}
 s - a scroll of random uselessness {unknown}
Potions
 d - 2 potions of haste {unknown}
 i - a potion of curing {unknown}
 k - a potion of berserk rage {unknown}
 o - 2 potions of lignification {unknown}
 t - a potion of mutation {unknown}
 w - a potion of flight {unknown}
Books
 c - a book of Maledictions

   Spells                             Type                      Level
   a - Corona                         Hexes                        1
   b - Ensorcelled Hibernation        Hexes/Ice                    2
   c - Confuse                        Hexes                        3
   d - Tukima's Dance                 Hexes                        3
   e - Dazzling Spray                 Conjuration/Hexes            3
Comestibles
 n - 4 chunks of flesh
 v - 2 rations


   Skills:
 - Level 4.0 Fighting
 - Level 1.0 Short Blades
 * Level 2.7 Armour
 - Level 2.0 Dodging
 - Level 4.1 Stealth
 - Level 2.1 Spellcasting
 - Level 3.6 Hexes


You had 4 spell levels left.
You knew the following spells:

 Your Spells              Type           Power        Failure   Level  Hunger
a - Corona                Hex            ##.....      11%         1    #......
b - Confuse               Hex            ##......     30%         3    ###....


Dungeon Overview and Level Annotations

Branches:
Dungeon (3/15)

Altars:
Elyvilon
Fedhas
Qazlal
Ru
The Shining One

Annotations:
D:1 Natasha; Terence
D:2 exclusion: 2 gnolls
D:3 BrokenGlass's ghost, amateur OpFi


Innate Abilities, Weirdness & Mutations

You cannot be hasted, slowed, berserked, paralysed or teleported.
You can dig through walls and to a lower floor.
Your four strong arms can wield two-handed weapons with a shield.
You have a pair of large antennae on your head. (SInv)


Message History

The hobgoblin hits you with a club.
You retract your mandibles.
The hobgoblin completely misses you. The orc closely misses you.
The orc wizard gestures at you while chanting.
The magic dart hits you! The orc hits you but does no damage.
The orc priest mumbles some strange prayers to Beogh against you.
Beogh smites you!
Casting: Confuse
Confirm with . or Enter, or press ? or * to list all spells.
Aiming: Confuse
Press: ? - help, Shift-Dir - straight line, f - orc wizard
Aim: an orc wizard, wielding a dagger and wearing a robe (chance to defeat MR: 42%)
The orc wizard resists with some effort.
The orc wizard gestures at you while chanting.
The magic dart hits you!
The orc priest calls down the wrath of Beogh upon you.
Beogh smites you!
You die...

......K#.## #...
..)..#.#.# #..# #
#....##.#. #..#
#.##...#.##.. ..#
.....#.#.... ...
#..##..... #.#
#.#....... #.# (#
#....W.(.. #@# .
##.#####.##
#o##.###.W### #.##
###o##....?...###.##
#.goo.####..[.......
##{###.####.##.###.#
#K{# #{...W.# .# #.#
##.###.###### .. .#
#{....# ## #######


You could see an orc priest, an orc wizard, 2 orcs and a hobgoblin.

Vanquished Creatures
  An orc wizard (D:2)
  Jessica (D:2)
  3 gnolls (D:3)
  2 adders (D:2)
  An ooze (D:2)
  A worm (D:3)
  2 orcs (D:2)
  5 bats
  3 giant cockroaches
  3 goblins
  6 hobgoblins
  3 jackals (D:1)
  2 quokkas (D:2)
  2 frilled lizards
  4 kobolds
  2 rats
41 creatures vanquished.

Notes
Turn   | Place    | Note
-------+----------+-------------------------------------------
     0 | D:1      | DildoBatman the Formicid Enchanter began the quest for the Orb.
     0 | D:1      | Reached XP level 1. HP: 13/13 MP: 3/3
   283 | D:1      | Reached skill level 1 in Fighting
   629 | D:1      | Reached XP level 2. HP: 21/22 MP: 3/5
  1516 | D:2      | Found a glowing golden altar of the Shining One.
  1581 | D:2      | Found a blossoming altar of Fedhas.
  1963 | D:2      | Reached XP level 3. HP: 21/28 MP: 6/6
  1975 | D:2      | Learned a level 3 spell: Confuse
  2093 | D:2      | Noticed Jessica
  2126 | D:2      | Killed Jessica
  2126 | D:2      | Reached XP level 4. HP: 30/37 MP: 7/7
  2375 | D:2      | Noticed Natasha
  2685 | D:2      | Found a sacrificial altar of Ru.
  2703 | D:2      | Reached skill level 1 in Armour
  2703 | D:2      | Reached XP level 5. HP: 28/42 MP: 8/8
  3041 | D:3      | Found a faded altar of an unknown god.
  3050 | D:3      | Noticed BrokenGlass's ghost (amateur OpFi)
  3266 | D:2      | Noticed Terence
  3687 | D:3      | Found a white marble altar of Elyvilon.
  3691 | D:3      | Found a stormy altar of Qazlal.
  3757 | D:3      | Killed from afar by an orc priest

Skill      XL: |  1  2  3  4  5 |
---------------+----------------+-----
Fighting       | 1 2 3 4 |  4.0
Dodging        | 2 |  2.0
Armour         | 1 2 |  2.7
Stealth        | 4 |  4.1
Short Blades   | |  1.0
Spellcasting   | |  2.1
Hexes          | |  3.6

Action                   |  1- 3 |  4- 6 || total
-------------------------+-------+-------++-------
Melee: Dagger            |    78 |       ||    78
       Short sword       |    18 |    93 ||   111
 Cast: Corona            |    28 |    19 ||    47
       Confuse           |       |    12 ||    12
 Abil: Dig               |     2 |     8 ||    10
 Stab: Sleeping          |     1 |     3 ||     4
       Invisible         |       |     1 ||     1
       Paralysed         |       |     1 ||     1
       Confused          |       |     2 ||     2
  Eat: Chunk             |     4 |     7 ||    11
Armor: Robe              |    20 |       ||    20
       Ring mail         |     5 |    42 ||    47
Dodge: Dodged            |    60 |    82 ||   142
